 Dungeon Crawl Stone Soup version 0.21-a0-94-gdd6ab6a (webtiles) character file.

331180 Gorglomux the Geomancer (level 21, -23/156 HPs)
             Began as a Gnoll Fighter on July 1, 2017.
             Was a High Priest of Okawaru.
             Annihilated by an ironheart preserver
             ... wielding a +0 dire flail of holy wrath
             ... led by a vault warden
              (25 damage)
             ... on level 2 of the Vaults.
             The game lasted 02:35:41 (53219 turns).

Gorglomux the Geomancer (Gnoll Fighter)            Turns: 53219, Time: 02:35:42

Health: -23/156    AC: 21    Str: 15      XL:     21   Next: 35%
Magic:  34/36      EV: 22    Int: 13 (14) God:    Okawaru [*****.]
Gold:   968        SH: 23    Dex: 18      Spells: 9/42 levels left

rFire    + + +     SeeInvis +   a - +7 rapier (elec)
rCold    + + .     Gourm    .   c - +5 shield
rNeg     . . .     Faith    .   L - +3 ring mail of Exclusion {+Inv rF+}
rPois    .         Spirit   .   J - +3 hat of a Hundred Beds {god gift, rF+ rC- Dex+3 SInv}
rElec    .         Reflect  +   q - scarf {rC+ rF+} {god gift}
rCorr    .         Harm     .   m - +2 pair of gloves
MR       ++...                  n - +2 pair of boots of the Assassin {god gift, Detection Stab+ Stlth++}
Stlth    +++++++...             H - +4 amulet of reflection
HPRegen  0.36/turn              u - ring of wizardry
MPRegen  0.25/turn              R - ring "Plog" {+Inv +Fly rC+ Str-5 Int+2}

@: heroism
A: short attention span, fangs 1, cold resistance 1, deterioration 1, magic
resistance 1, strong nose
}: 3/15 runes: serpentine, barnacled, abyssal
a: Heroism, Finesse, Renounce Religion, Evoke Invisibility, Evoke Flight


You were on level 2 of the Vaults.
You worshipped Okawaru.
Okawaru was extremely pleased with you.
You were completely stuffed.

You visited 6 branches of the dungeon, and saw 34 of its levels.
You visited the Abyss 1 time.
You also visited: Sewer, Bailey and Ice Cave.

You collected 3615 gold pieces.
You spent 2647 gold pieces at shops.

Inventory:

Hand Weapons
 a - a +7 rapier of electrocution (weapon)
 b - the +6 fustibalus of Annoyance {velocity, rF+ MP+9 Str+4}
   (You acquired it on level 13 of the Dungeon)

   Any stone fired from it inflicts extra damage.
   It affects your strength (+4).
   It protects you from fire.
   It affects your magic capacity (+9).
Missiles
 t - 6 javelins of penetration (quivered) {god gift}
 v - 147 sling bullets
 Z - 12 throwing nets
Armour
 c - a +5 shield (worn)
 m - a +2 pair of gloves (worn)
 n - the +2 pair of boots of the Assassin (worn) {god gift, Detection Stab+ Stlth++}
   (Okawaru gifted it to you on level 1 of the Lair of Beasts)

   It makes you much more stealthy.
 q - a scarf of resistance (worn) {god gift}
 J - the +3 hat of a Hundred Beds (worn) {god gift, rF+ rC- Dex+3 SInv}
   (Okawaru gifted it to you on level 6 of the Lair of Beasts)

   It affects your dexterity (+3).
   It protects you from fire.
   It makes you vulnerable to cold.
   It lets you see invisible.
 L - the +3 ring mail of Exclusion (worn) {+Inv rF+}
   (You took it off an orc on level 8 of the Dungeon)

   It protects you from fire.
   It lets you turn invisible.
Jewellery
 o - an uncursed ring of poison resistance
 u - a ring of wizardry (left hand)
 y - the ring of Eghueklig {Fire rElec rN+}
   (You found it on level 4 of the Shoals)

   [ring of fire]

   It enhances your fire magic.
   It protects you from fire.
   It makes you vulnerable to cold.
   It insulates you from electricity.
   It protects you from negative energy.
 H - a +4 amulet of reflection (around neck)
 R - the ring "Plog" (right hand) {+Inv +Fly rC+ Str-5 Int+2}
   (You found it on level 14 of the Dungeon)

   [ring of intelligence]

   It affects your strength (-5).
   It affects your intelligence (+2).
   It protects you from cold.
   It lets you turn invisible.
   It lets you fly.
Wands
 h - a wand of acid (15/15)
 C - a wand of confusion (33/48)
 D - a wand of digging (13/24)
 E - a wand of enslavement (15/24)
 O - a wand of clouds (3/9)
 P - a wand of paralysis (13/24)
Scrolls
 e - 3 scrolls of fear
 i - 5 scrolls of fog
 r - 15 scrolls of remove curse
 s - a scroll of holy word
 w - 3 scrolls of immolation
 B - 2 scrolls of blinking
 I - a scroll of brand weapon
 M - 7 scrolls of magic mapping
 T - 2 scrolls of teleportation
Potions
 d - 8 potions of might
 g - 3 potions of haste
 j - 3 potions of magic
 l - 4 potions of resistance
 p - 6 potions of mutation {!q}
 x - 3 potions of cancellation
 F - 5 potions of ambrosia
 G - 4 potions of brilliance
 N - 3 potions of agility
 Q - 13 potions of curing
 S - 4 potions of heal wounds
 U - 6 potions of invisibility
 Y - 3 potions of flight
Books
 A - a book of the Earth

   Spells                             Type                      Level
   a - Leda's Liquefaction            Hexes/Earth                  4
   b - Bolt of Magma                  Conjuration/Fire/Earth       5
   c - Statue Form                    Transmutation/Earth          6
   d - Iron Shot                      Conjuration/Earth            6
   e - Shatter                        Earth                        9
Miscellaneous
 V - 2 phantom mirrors
 W - a sack of spiders
 X - a phial of floods
Comestibles
 f - 13 bread rations
 k - a royal jelly
 z - 11 meat rations
 K - 11 chunks of flesh


   Skills:
 - Level 11.0(16.0) Fighting
 - Level 10.0(15.0) Short Blades
   Level 2.1(13.1) Long Blades
 - Level 9.0(14.2) Slings
 - Level 7.0(13.5) Throwing
 - Level 10.0(15.0) Armour
 - Level 10.0(15.0) Dodging
 - Level 10.0(15.0) Stealth
 - Level 11.0(16.0) Shields
 - Level 11.1 Spellcasting
 - Level 7.0 Hexes
 - Level 10.0 Charms
 - Level 8.0 Summonings
 - Level 10.0 Necromancy
 - Level 4.1 Translocations
 - Level 10.2 Transmutations
 - Level 8.0 Air Magic
 + Level 11.2 Earth Magic
 - Level 9.0 Invocations
 - Level 10.0 Evocations


You had 9 spell levels left.
You knew the following spells:

 Your Spells              Type           Power        Failure   Level  Hunger
a - Excruciating Wounds   Chrm/Necr      ####......   2%          5    #####..
b - Cigotuvi's Embrace    Necr           ####......   2%          5    #####..
c - Passwall              Tmut/Erth      #####.....   1%          2    None
d - Blink                 Tloc           N/A          1%          2    None
l - Summon Lightning Spi  Summ/Air       ####....     2%          4    ###....
u - Dispel Undead         Necr           ####....     2%          5    #####..
x - Confuse               Hex            ####....     1%          3    #......
z - Spectral Weapon       Hex/Chrm       ####....     1%          3    #......
B - Summon Butterflies    Summ           ####....     1%          1    None
R - Regeneration          Chrm/Necr      ####......   1%          3    #......


Dungeon Overview and Level Annotations

Branches:
Dungeon (15/15)            Temple (0/1) D:5            Lair (6/6) D:11
 Shoals (4/4) Lair:4        Snake (4/4) Lair:3        Slime (0/5) Lair:6
    Orc (2/2) D:10            Elf (0/3) Orc:2        Vaults (3/5) D:14
 Depths (0/5) D:15
  Crypt: Vaults:2-3

Altars:
Elyvilon
Fedhas
Hepliaklqana
Makhleb
Nemelex Xobeh
Okawaru
Trog
Vehumet
Xom

Shops:
D:9 [   D:10 *   D:13 ?   Orc:2 ?=(%   Shoals:1 [   Shoals:3 *   Snake:1 (![!


Innate Abilities, Weirdness & Mutations

You have a short attention span.
You have very sharp teeth.
Your uncanny sense of smell can sniff out nearby items.
Your flesh is cold resistant. (rC+)
Your body sometimes deteriorates upon taking damage.
You are resistant to hostile enchantments. (MR+)


Message History

Lightning courses through the vault warden!
The vault warden is lightly wounded.
You block the ironheart preserver's attack.
You puncture the vault warden!
The vault warden is lightly wounded.
A stone giant opens the door.
You closely miss the vault warden.
The vault warden is lightly wounded.
You block the vault warden's attack.
You block the ironheart preserver's attack.
Unknown command.
The stone giant throws a large rock.
The large rock hits you!!
* * * LOW HITPOINT WARNING * * *
You block the ironheart preserver's attack.
You block the vault warden's attack.
You see here a large rock.
The stone giant throws a large rock.
The large rock hits you!!
* * * LOW HITPOINT WARNING * * *
The ironheart preserver hits you with a dire flail of holy wrath!!
You die...

########### #..........
############..........
##########..........#..........
#..#..#..#.....pp...#C.........
#..#..#..+....@()...'.....>....
#..#..#..#..........#..........
###'##'###..........###########
###..#[[#..#..........#
..#..#..#..#..........#
..'..#(.#..#...))..)..#
..#((#[.#..#####+##+#############
..###(##'####......).............
..'.[#(.#..##....................


You could see an ironheart preserver, a stone giant and a vault warden.

Vanquished Creatures
  Boris (Vaults:2)
  Jory (Vaults:2)
  Rupert (Lair:5)
  A tentacled monstrosity (Abyss:3)
  4 tentacled starspawn
  A sphinx (Vaults:2)
  Kirke (Lair:4)
  Roxanne (Snake:3)
  10 nagarajas
  A frost giant (D:15)
  The ghost of melvinkitnick the Bludgeoner, an adept GrFi of the Shining One (Orc:1)
  3 vault wardens
  Aizul (Snake:1)
  5 ironheart preservers
  3 stone giants
  A deep elf demonologist (Vaults:1)
  2 merfolk javelineers
  Josephine (D:11)
  3 fire dragons
  13 ogre magi
  2 yaktaur captains
  Erolcha (D:9)
  20 naga warriors
  7 merfolk impalers
  Harold (Lair:4)
  A rakshasa (D:15)
  3 great orbs of eyes
  8 hydras
  3 catoblepae (Lair:6)
  3 ice dragons
  4 centaur warriors
  3 merfolk aquamancers
  8 anacondas
  An anaconda (shapeshifter) (D:14)
  5 merfolk avatars
  A tengu warrior (D:15)
  37 two-headed ogres
  4 death yaks
  2 alligator snapping turtles
  A thrashing horror (Abyss:4)
  3 shock serpents
  A deep elf knight (Vaults:1)
  5 naga sharpshooters
  Sonja (Lair:1)
  2 wretched stars
  12 skeletal warriors
  12 sea snakes
  4 unseen horrors
  3 wizards (Vaults:1)
  A glowing orange brain (Vaults:1)
  A deep troll (Vaults:2)
  3 naga ritualists
  A swamp dragon (Abyss:3)
  A flayed ghost (Vaults:2)
  2 deep elf archers (Vaults:1)
  8 ironbrand convokers
  26 harpies
  2 lindwurms (Lair:6)
  24 ugly things
  A harpy (shapeshifter) (Vaults:2)
  5 orc knights
  A tengu skeleton (Vaults:2)
  A necromancer (Vaults:2)
  3 wolf spiders
  21 deep elf magi
  3 fauns (Shoals:2)
  4 mana vipers (Snake:1)
  13 manticores
  4 cyclopes
  3 orc sorcerers
  12 salamanders
  2 centaur zombies
  4 merfolk sirens
  Joseph (D:7)
  2 ice statues (IceCv)
  5 water nymphs
  A worldbinder (Abyss:4)
  Maurice (D:11)
  16 naga magi
  7 elephants (Lair:6)
  3 guardian serpents
  10 vault sentinels
  2 torpor snails
  A smoke demon (Abyss:3)
  32 black mambas
  4 gargoyles
  15 spiny frogs
  3 centaur skeletons
  4 rime drakes
  4 freezing wraiths
  11 komodo dragons
  20 yaktaurs
  An efreet (D:15)
  3 hellwings
  12 polar bears
  2 trolls
  A meliai (Abyss:3)
  25 merfolk
  A wind drake (shapeshifter) (D:15)
  3 harpy zombies
  5 hornets
  A sphinx simulacrum (Vaults:1)
  2 large abominations
  15 blink frogs
  7 slime creatures
  4 wind drakes
  A raiju (Lair:6)
  2 meliai zombies
  A fire giant simulacrum (Vaults:3)
  11 dream sheep
  A stone giant simulacrum (Vaults:2)
  14 hippogriffs
  7 snapping turtles
  11 water elementals
  5 wyverns
  8 wraiths
  A yak (shapeshifter) (D:15)
  21 yaks
  A basilisk (shapeshifter) (Vaults:1)
  A tarantella (shapeshifter) (Vaults:2)
  Grum (D:8)
  4 hungry ghosts
  Eustachio (D:4)
  5 basilisks
  A steam dragon (D:11)
  58 nagas
  A soldier ant (D:10)
  8 wargs
  Edmund (D:4)
  17 water moccasins
  16 hell hounds
  2 acid dragons (D:15)
  7 porcupines
  5 sky beasts
  22 orc warriors
  3 eyes of draining
  20 ice beasts
  4 phantoms
  14 black bears
  4 necrophages
  A starcursed mass (Abyss:4)
  28 wolves
  An ogre (shapeshifter) (D:13)
  42 ogres
  6 boggarts
  20 centaurs
  10 crocodiles
  An elf skeleton (Vaults:2)
  26 bullfrogs
  Blork the orc (D:4)
  2 hippogriff zombies (Shoals:1)
  A gnoll sergeant (D:12)
  7 big kobolds
  A human skeleton (Vaults:2)
  2 wyvern skeletons
  A water moccasin zombie (D:11)
  6 scorpions
  13 killer bees
  A wight (D:11)
  2 electric eels
  A vampire bat (D:10)
  3 howler monkeys
  6 crimson imps
  2 human simulacra (Vaults:2)
  2 quasits
  5 bullfrog zombies
  7 hounds
  A bullfrog skeleton (D:9)
  6 iguanas
  6 jellies
  13 orc priests
  18 orc wizards
  14 worker ants
  A statue (D:8)
  A hound skeleton (D:6)
  A hound zombie (D:5)
  2 worker ant zombies
  Robin (D:2)
  30 gnolls
  26 adders
  2 shadow imps
  A white imp (Lair:4)
  An adder skeleton (D:4)
  4 worms
  3 dart slugs
  10 leopard geckos
  78 orcs
  3 ball pythons
  A bat zombie (Shoals:1)
  13 giant cockroaches
  20 goblins
  19 hobgoblins
  7 jackals
  A quokka (D:9)
  13 bats
  7 frilled lizards
  A giant cockroach zombie (D:6)
  40 kobolds
  A leopard gecko skeleton (D:5)
  5 rats
  A spectral weapon (Orc:2)
  A starspawn tentacle (Abyss:3)
1412 creatures vanquished.

Vanquished Creatures (collateral kills)
  2 naga sharpshooters
  A salamander mystic (Snake:4)
  A skeletal warrior (Vaults:2)
  A harpy (Shoals:4)
  2 ugly things (Vaults:2)
  A black mamba (Snake:3)
  A merfolk (Shoals:2)
  3 slime creatures (Vaults:2)
  3 nagas
  An ice beast (IceCv)
  A boggart (Vaults:1)
  3 orcs (Vaults:1)
20 creatures vanquished.

Vanquished Creatures (others)
  3 merfolk javelineers
  2 centaur warriors
  A satyr (Shoals:2)
  3 naga sharpshooters
  A deep elf archer (Vaults:1)
  2 deep elf magi
  A salamander (Snake:4)
  A faun (Shoals:1)
  A cyclops (Shoals:1)
  A black mamba (Snake:3)
  4 yaktaurs
  A merfolk (Shoals:2)
  5 humans (Lair:4)
  A water moccasin (Lair:4)
  An ice beast (Lair:4)
  An eye of draining (D:13)
  An ogre (Vaults:3)
  3 boggarts
  A centaur (D:11)
  A killer bee (Abyss:3)
  2 orc wizards (D:10)
  3 orcs
  A hobgoblin (Bailey)
  A jackal (D:11)
  A kobold (Bailey)
  12 fungi
  38 plants
  41 spectral weapons
  9 starspawn tentacles
143 creatures vanquished.

Grand Total: 1575 creatures vanquished

Notes
Turn   | Place    | Note
-------+----------+-------------------------------------------
     0 | D:1      | Gorglomux the Gnoll Fighter began the quest for the Orb.
     0 | D:1      | Reached XP level 1. HP: 20/20 MP: 1/1
   241 | D:1      | Reached XP level 2. HP: 26/26 MP: 2/2
   718 | D:2      | Reached XP level 3. HP: 33/33 MP: 3/3
   750 | D:2      | Found a shimmering altar of Xom.
   831 | D:2      | Reached skill level 1 in Dodging
   988 | D:2      | Noticed Robin
  1020 | D:2      | Reached XP level 4. HP: 23/40 MP: 4/4
  1032 | D:2      | Killed Robin
  1297 | D:2      | Found a blossoming altar of Fedhas.
  1815 | D:3      | Reached skill level 3 in Dodging
  1829 | D:2      | Reached XP level 5. HP: 40/46 MP: 5/5
  1880 | D:3      | Reached skill level 6 in Fighting
  1884 | D:3      | Reached skill level 6 in Armour
  2045 | D:3      | Found a white marble altar of Elyvilon.
  2314 | D:3      | Found a faded altar of an unknown god.
  2517 | D:4      | Noticed Blork the orc
  2535 | D:4      | Killed Blork the orc
  2535 | D:4      | Reached skill level 6 in Shields
  2535 | D:4      | Reached XP level 6. HP: 52/52 MP: 6/6
  2708 | D:4      | Noticed a phantom
  2718 | D:4      | Noticed Edmund
  2773 | D:4      | Killed Edmund
  2773 | D:4      | Reached skill level 6 in Short Blades
  2773 | D:4      | Reached XP level 7. HP: 53/59 MP: 7/7
  3103 | D:4      | Noticed Eustachio
  3122 | D:4      | Killed Eustachio
  3199 | D:4      | Reached skill level 6 in Dodging
  3199 | D:4      | Reached XP level 8. HP: 54/67 MP: 8/8
  3326 | D:4      | Found an iron altar of Okawaru.
  3338 | D:4      | Became a worshipper of Warmaster Okawaru
  3864 | D:5      | Entered Level 5 of the Dungeon
  4173 | D:5      | Reached * piety under Okawaru
  4436 | D:5      | Found a staircase to the Ecumenical Temple.
  4901 | D:6      | Reached XP level 9. HP: 74/74 MP: 9/9
  4913 | D:6      | Identified the Grimoire of Darkness
  5094 | D:6      | Found a sparkling altar of Nemelex Xobeh.
  5202 | D:6      | Found a glowing drain.
  5258 | Sewer    | Entered a sewer
  6042 | D:7      | Reached ** piety under Okawaru
  6117 | D:7      | Reached skill level 6 in Invocations
  6526 | D:7      | Reached XP level 10. HP: 56/80 MP: 13/16
  6538 | D:7      | Noticed Joseph
  6557 | D:7      | Reached skill level 9 in Invocations
  6576 | D:7      | Killed Joseph
  6921 | D:7      | Reached *** piety under Okawaru
  6938 | D:7      | Found a bloodstained altar of Trog.
  6944 | D:7      | Found a burning altar of Makhleb.
  7159 | D:7      | Reached skill level 6 in Evocations
  7649 | D:8      | Noticed a two-headed ogre
  7656 | D:8      | Killed a two-headed ogre
  7656 | D:8      | Reached **** piety under Okawaru
  7729 | D:8      | Found a radiant altar of Vehumet.
  7822 | D:8      | Noticed Grum
  7868 | D:8      | Killed Grum
  8044 | D:8      | Reached skill level 9 in Evocations
  8046 | D:8      | Paralysed by an orc for 2 turns
  8070 | D:8      | Got a faintly humming ring mail
  8081 | D:8      | Identified the +3 ring mail of Exclusion {+Inv rF+} (You took it off an orc on level 8 of the Dungeon)
  8210 | D:8      | Reached skill level 1 in Stealth
  8305 | D:8      | Reached skill level 3 in Stealth
  8559 | D:8      | Identified Weterybo's Foundations of Secret Knowledge
  8815 | D:6      | Got a scorched dagger
  8816 | D:6      | Identified the +1 dagger "Xoefeorr" {holy, *Slow rC+ Dex+7} (You found it on level 6 of the Dungeon)
  9036 | D:8      | Reached XP level 11. HP: 86/86 MP: 17/17
  9100 | D:9      | Reached skill level 6 in Stealth
  9343 | D:9      | Noticed Erolcha
  9390 | D:9      | Killed Erolcha
  9412 | D:9      | Reached ***** piety under Okawaru
  9412 | D:9      | Reached skill level 1 in Throwing
  9975 | D:9      | Reached skill level 3 in Throwing
 10076 | D:9      | Noticed a two-headed ogre
 10117 | D:9      | Found Giuck's Antique Armour Shop.
 10155 | D:9      | Killed a two-headed ogre
 10155 | D:9      | Reached skill level 6 in Throwing
 10198 | D:9      | Bought a glowing cloak for 195 gold pieces
 10198 | D:9      | Bought a pair of runed boots for 195 gold pieces
 10208 | D:9      | Identified a +0 pair of boots of running (You bought it in a shop on level 9 of the Dungeon)
 10381 | D:10     | Entered Level 10 of the Dungeon
 10476 | D:10     | Found Ciosuoz's Changing Room.
 10616 | D:10     | Reached skill level 1 in Spellcasting
 10881 | D:10     | Reached skill level 3 in Spellcasting
 11174 | D:10     | Reached skill level 6 in Spellcasting
 11231 | D:10     | Found a staircase to the Orcish Mines.
 11301 | D:10     | Noticed a two-headed ogre
 11321 | D:10     | Killed a two-headed ogre
 11321 | D:10     | Received a gift from Okawaru
 11324 | D:10     | Got a pair of dazzling gloves {god gift}
 11335 | D:10     | Identified the +0 pair of gloves "Oramp" {god gift, rN+ Int+2 Dex+2} (Okawaru gifted it to you on level 10 of the Dungeon)
 11728 | D:11     | Got a steaming cloak
 11739 | D:11     | Identified the +0 cloak "Firainuim" {+Fly rC- SInv} (You found it on level 11 of the Dungeon)
 11756 | D:11     | Learned a level 5 spell: Excruciating Wounds
 11759 | D:11     | Learned a level 2 spell: Passwall
 11790 | D:11     | Noticed a manticore
 11820 | D:11     | Killed a manticore
 11820 | D:11     | Reached skill level 1 in Charms
 11820 | D:11     | Reached skill level 1 in Necromancy
 11820 | D:11     | Reached skill level 1 in Transmutations
 11820 | D:11     | Reached skill level 1 in Earth Magic
 12200 | D:11     | Noticed Josephine
 12213 | D:11     | Reached XP level 12. HP: 50/92 MP: 22/24
 12215 | D:11     | Killed Josephine
 12215 | D:11     | Reached skill level 3 in Charms
 12215 | D:11     | Reached skill level 3 in Necromancy
 12215 | D:11     | Reached skill level 3 in Transmutations
 12215 | D:11     | Reached skill level 3 in Earth Magic
 13512 | D:11     | Reached skill level 6 in Necromancy
 13528 | D:11     | Noticed Maurice
 13532 | D:11     | Killed Maurice
 13598 | D:11     | Reached skill level 6 in Charms
 13622 | D:11     | Found a staircase to the Lair.
 14058 | D:12     | Learned a level 3 spell: Confuse
 14723 | D:12     | Found a blossoming altar of Fedhas.
 14985 | Lair:1   | Entered Level 1 of the Lair of Beasts
 15015 | Lair:1   | Noticed a seven-headed hydra
 15027 | Lair:1   | Killed a seven-headed hydra
 15027 | Lair:1   | Received a gift from Okawaru
 15188 | Lair:1   | Learned a level 1 spell: Summon Butterflies
 15211 | Lair:1   | Learned a level 4 spell: Summon Lightning Spire
 15275 | Lair:1   | Noticed Sonja
 15285 | Lair:1   | Killed Sonja
 15471 | Lair:1   | Noticed a five-headed hydra
 15478 | Lair:1   | Killed a five-headed hydra
 15478 | Lair:1   | Reached XP level 13. HP: 88/98 MP: 23/25
 15509 | Lair:1   | Learned a level 2 spell: Blink
 15681 | Lair:1   | Reached skill level 9 in Necromancy
 15751 | Lair:1   | Reached skill level 9 in Charms
 16579 | Lair:2   | Learned a level 3 spell: Spectral Weapon
 16583 | Lair:2   | Learned a level 3 spell: Regeneration
 17560 | Lair:3   | Found a staircase to the Snake Pit.
 18255 | Lair:4   | Noticed Harold
 18267 | Lair:4   | Killed Harold
 18427 | Lair:4   | Identified a scroll of acquirement
 18528 | Lair:4   | Noticed Kirke
 18579 | Lair:4   | Killed Kirke
 18579 | Lair:4   | Received a gift from Okawaru
 18659 | Lair:4   | Got an ancient rapier {god gift}
 18667 | Lair:4   | Identified the +0 rapier of Uruadd {god gift, vamp, rPois} (Okawaru gifted it to you on level 4 of the Lair of Beasts)
 18893 | Lair:4   | Found a staircase to the Shoals.
 19691 | Lair:5   | Noticed Rupert
 19701 | Lair:5   | Killed Rupert
 19701 | Lair:5   | Reached skill level 9 in Spellcasting
 19756 | Lair:5   | Reached XP level 14. HP: 53/105 MP: 9/27
 19778 | Lair:5   | You fall through a shaft!
 19778 | Lair:6   | Entered Level 6 of the Lair of Beasts
 20172 | Lair:6   | Received a gift from Okawaru
 20180 | Lair:6   | Got a shimmering hat {god gift}
 20191 | Lair:6   | Identified the +3 hat of a Hundred Beds {god gift, rF+ rC- Dex+3 SInv} (Okawaru gifted it to you on level 6 of the Lair of Beasts)
 20290 | Lair:6   | Reached skill level 1 in Long Blades
 20299 | Lair:6   | Reached skill level 1 in Hexes
 20737 | Lair:5   | Reached skill level 3 in Hexes
 21638 | Lair:6   | Reached skill level 6 in Hexes
 21894 | Lair:6   | Reached skill level 9 in Fighting
 22035 | Lair:6   | Reached skill level 1 in Summonings
 22038 | Lair:6   | Reached skill level 1 in Air Magic
 22074 | Lair:6   | Found a staircase to the Slime Pits.
 22137 | Lair:6   | Reached skill level 3 in Summonings
 22137 | Lair:6   | Reached skill level 3 in Air Magic
 22550 | Lair:6   | Received a gift from Okawaru
 23007 | Lair:6   | Reached skill level 6 in Summonings
 23095 | Lair:6   | Reached skill level 6 in Air Magic
 23693 | Lair:6   | Reached XP level 15. HP: 102/113 MP: 21/29
 23827 | Lair:5   | Reached skill level 1 in Translocations
 24242 | Lair:6   | Reached skill level 3 in Translocations
 24848 | Lair:6   | Got a steaming chain mail
 24859 | Lair:6   | Identified the +1 chain mail of the Curious Curses {Str+4} (You found it on level 6 of the Lair of Beasts)
 25289 | D:13     | Found a flagged portal.
 25336 | Bailey   | Entered a bailey
 25605 | Bailey   | Reached skill level 9 in Short Blades
 25979 | D:13     | Received a gift from Okawaru
 26076 | D:13     | Found Goowkag's Magic Scroll Emporium.
 26079 | D:13     | Found a sparkling altar of Nemelex Xobeh.
 26084 | D:13     | Bought a scroll of acquirement for 780 gold pieces
 26085 | D:13     | Got a slimy fustibalus
 26086 | D:13     | Identified the +6 fustibalus of Annoyance {velocity, rF+ MP+9 Str+4} (You acquired it on level 13 of the Dungeon)
 26494 | Lair:1   | Learned a level 5 spell: Dispel Undead
 26500 | Lair:1   | Learned a level 5 spell: Cigotuvi's Embrace
 26780 | D:14     | Received a gift from Okawaru
 26818 | D:14     | Reached skill level 9 in Armour
 26818 | D:14     | Reached skill level 6 in Transmutations
 26818 | D:14     | Reached XP level 16. HP: 86/120 MP: 26/30
 26939 | D:14     | Got a wavering amber ring
 26949 | D:14     | Found a white marble altar of Elyvilon.
 26985 | D:14     | Found a gate to the Vaults.
 27337 | D:14     | Received a gift from Okawaru
 27565 | D:14     | Identified the ring "Plog" {+Inv +Fly rC+ Str-5 Int+2} (You found it on level 14 of the Dungeon)
 28119 | D:15     | Entered Level 15 of the Dungeon
 28746 | D:15     | Reached skill level 6 in Earth Magic
 29367 | D:15     | Found a staircase to the Depths.
 29382 | D:15     | Reached XP level 17. HP: 128/128 MP: 31/31
 29853 | Orc:1    | Entered Level 1 of the Orcish Mines
 29857 | Orc:1    | Noticed melvinkitnick's ghost (adept GrFi)
 29894 | Orc:1    | Killed melvinkitnick's ghost
 30093 | Orc:2    | Entered Level 2 of the Orcish Mines
 30117 | Orc:2    | Found a frozen archway.
 30194 | IceCv    | Entered an ice cave
 30201 | IceCv    | Found a transporter.
 30418 | IceCv    | Gained mutation: You are robust. (+10% HP) [mutagenic meat]
 30419 | IceCv    | Gained mutation: You are occasionally teleported next to monsters. [mutagenic meat]
 30420 | IceCv    | Gained mutation: Your system is resistant to poisons. (rPois) [mutagenic meat]
 30421 | IceCv    | Gained mutation: Your muscles are strong. (Str +2) [mutagenic meat]
 30422 | IceCv    | Lost mutation: Your muscles are strong. (Str +2) [potion of mutation]
 30422 | IceCv    | Lost mutation: Your system is resistant to poisons. (rPois) [potion of mutation]
 30422 | IceCv    | Lost mutation: You are occasionally teleported next to monsters. [potion of mutation]
 30422 | IceCv    | Lost mutation: You are robust. (+10% HP) [potion of mutation]
 30422 | IceCv    | Gained mutation: You tend to lose your temper in combat. [potion of mutation]
 30422 | IceCv    | Gained mutation: Your mind is acute. (Int +2) [potion of mutation]
 30422 | IceCv    | Gained mutation: You occasionally shout uncontrollably at your foes. [potion of mutation]
 30422 | IceCv    | Gained mutation: Your spells are a little harder to cast, but a little more powerful. [potion of mutation]
 30423 | IceCv    | Lost mutation: You tend to lose your temper in combat. [potion of mutation]
 30423 | IceCv    | Lost mutation: You occasionally shout uncontrollably at your foes. [potion of mutation]
 30423 | IceCv    | Lost mutation: Your mind is acute. (Int +2) [potion of mutation]
 30423 | IceCv    | Gained mutation: Your body sometimes deteriorates upon taking damage. [potion of mutation]
 30423 | IceCv    | Lost mutation: Your spells are a little harder to cast, but a little more powerful. [potion of mutation]
 30423 | IceCv    | Gained mutation: Your flesh is cold resistant. (rC+) [potion of mutation]
 30423 | IceCv    | Gained mutation: You are resistant to hostile enchantments. (MR+) [potion of mutation]
 30668 | Orc:2    | Found a staircase to the Elven Halls.
 30909 | Orc:2    | Found Ughid's Jewellery Boutique.
 30909 | Orc:2    | Found Sasoaxoh's Magic Scroll Shoppe.
 30910 | Orc:2    | Found Haulog's Food Emporium.
 30910 | Orc:2    | Found Padop's Antique Weapon Boutique.
 30915 | Orc:2    | Received a gift from Okawaru
 30915 | Orc:2    | Reached skill level 9 in Transmutations
 30922 | Orc:2    | Reached skill level 9 in Earth Magic
 30969 | Orc:2    | Bought a scroll of teleportation for 42 gold pieces
 30969 | Orc:2    | Bought a scroll of teleportation for 42 gold pieces
 30969 | Orc:2    | Bought a scroll of torment for 105 gold pieces
 31297 | Orc:2    | Reached skill level 1 in Slings
 31644 | Snake:1  | Entered Level 1 of the Snake Pit
 31659 | Snake:1  | Reached skill level 3 in Slings
 32059 | Snake:1  | Reached skill level 6 in Slings
 32111 | Snake:1  | Found a hazy altar of Hepliaklqana.
 32580 | Snake:1  | Found Ubiusipn's Distillery.
 32581 | Snake:1  | Noticed Aizul
 32587 | Snake:1  | Found Ufyemics's Antique Armour Emporium.
 32587 | Snake:1  | Found Oxyn Ijycre's Distillery.
 32590 | Snake:1  | Found Daikorch's Antique Weapon Shoppe.
 32597 | Snake:1  | Killed Aizul
 32621 | Snake:1  | Bought a potion of might for 56 gold pieces
 32621 | Snake:1  | Bought a potion of agility for 56 gold pieces
 32624 | Snake:1  | Bought 2 potions of resistance for 320 gold pieces
 32624 | Snake:1  | Bought a potion of might for 64 gold pieces
 32624 | Snake:1  | Bought a potion of might for 64 gold pieces
 32624 | Snake:1  | Bought a potion of agility for 64 gold pieces
 32624 | Snake:1  | Bought a potion of haste for 160 gold pieces
 33657 | Snake:1  | Received a gift from Okawaru
 33981 | Snake:2  | Found a radiant altar of Vehumet.
 34063 | Snake:2  | Reached skill level 9 in Slings
 34654 | Snake:2  | Reached skill level 9 in Dodging
 35108 | Snake:3  | Noticed Roxanne
 35144 | Snake:3  | Killed Roxanne
 35538 | Snake:3  | Reached XP level 18. HP: 99/134 MP: 28/32
 36317 | Snake:3  | HP: 6/134 [poisoned by a nagaraja (splash of poison)]
 36323 | Snake:3  | HP: 5/134 [poisoned by a nagaraja (splash of poison)]
 36328 | Snake:3  | HP: 5/134 [poisoned by a nagaraja (splash of poison)]
 36335 | Snake:3  | HP: 5/134 [poisoned by a nagaraja (splash of poison)]
 36343 | Snake:3  | HP: 6/134 [poisoned by a nagaraja (splash of poison)]
 37308 | Snake:4  | Entered Level 4 of the Snake Pit
 37336 | Snake:4  | Found a shimmering altar of Xom.
 37342 | Snake:4  | Identified the Compendium of the Modern Lies
 37708 | Snake:4  | Reached skill level 9 in Shields
 37900 | Snake:4  | Received a gift from Okawaru
 38671 | Snake:4  | Received a gift from Okawaru
 39372 | Snake:4  | Got a brightly glowing eveningstar {god gift}
 39373 | Snake:4  | Identified the +4 eveningstar "Woniat" {god gift, drain, rC+ Dex+4} (Okawaru gifted it to you on level 4 of the Snake Pit)
 39707 | Snake:4  | HP: 2/134 [naga warrior/battleaxe (5)]
 40816 | Snake:4  | Received a gift from Okawaru
 40933 | Snake:4  | Got a serpentine rune of Zot
 41155 | Shoals:1 | Entered Level 1 of the Shoals
 41155 | Shoals:1 | Found Xagaggyc's Antique Armour Shoppe.
 41505 | Shoals:1 | Reached XP level 19. HP: 74/140 MP: 26/33
 42504 | Shoals:1 | Received a gift from Okawaru
 44810 | Shoals:3 | Found Plog's Assorted Antiques.
 44818 | Shoals:3 | Bought 3 scrolls labeled SAUCATUAWN for 108 gold pieces
 45364 | Shoals:4 | Entered Level 4 of the Shoals
 46317 | Shoals:4 | Got a barnacled rune of Zot
 46427 | Shoals:4 | Got a scorched tin ring
 46429 | Shoals:4 | Identified the ring of Eghueklig {Fire rElec rN+} (You found it on level 4 of the Shoals)
 46465 | Shoals:4 | Reached skill level 9 in Stealth
 46725 | Shoals:4 | Identified the +1 pair of boots of Inaction {Dex+6} (You found it on level 4 of the Shoals)
 47203 | Vaults:1 | Entered Level 1 of the Vaults
 47316 | Vaults:1 | Received a gift from Okawaru
 47677 | Vaults:1 | Reached XP level 20. HP: 149/150 MP: 34/34
 48112 | Vaults:1 | Received a gift from Okawaru
 48738 | Vaults:1 | Received a gift from Okawaru
 49565 | Vaults:1 | Cast into level 2 of the Abyss (a wizard)
 49565 | Abyss:2  | Found a corrupted altar of Lugonu.
 49601 | Abyss:3  | Identified the cursed +0 plate armour of Boch {Dex+2} (You found it on level 3 of the Abyss)
 49607 | Abyss:3  | Found a corrupted altar of Lugonu.
 49611 | Abyss:3  | Found a corrupted altar of Lugonu.
 49737 | Abyss:3  | Received a gift from Okawaru
 50042 | Abyss:4  | Got an abyssal rune of Zot
 50071 | Vaults:1 | Escaped the Abyss
 50350 | D:13     | Bought a scroll of enchant weapon for 112 gold pieces
 50350 | D:13     | Bought a scroll of fog for 30 gold pieces
 50350 | D:13     | Bought a scroll of teleportation for 45 gold pieces
 50350 | D:13     | Bought a scroll of teleportation for 45 gold pieces
 50350 | D:13     | Bought a scroll of fear for 52 gold pieces
 50350 | D:13     | Bought a scroll of holy word for 112 gold pieces
 50795 | Vaults:2 | Noticed Boris
 50827 | Vaults:2 | Noticed Jory
 50828 | Vaults:2 | Killed Boris
 50859 | Vaults:2 | Killed Jory
 51292 | D:15     | Identified the cursed +0 robe "Heufinlu" {rC+ rN+ Str+3} (You found it on level 15 of the Dungeon)
 51673 | Vaults:2 | Received a gift from Okawaru
 51922 | Vaults:2 | Reached XP level 21. HP: 153/156 MP: 36/36
 52641 | Vaults:2 | Received a gift from Okawaru
 53219 | Vaults:2 | HP: 2/156 [stone giant/large rock (34)]
 53219 | Vaults:2 | Annihilated by an ironheart preserver

Vault maps used:
D:1:      lightli_arrival_isolated_outpost
D:2:      nicolae_overflow_hidden_temple, old_standard_altar,
          lemuel_round_altar, first_bread, uniq_robin
D:3:      old_standard_altar, chequers_ecumenical_altar_island
D:4:      okawaru_ov_weapons_minmay, uniq_blork_the_orc, uniq_eustachio,
          uniq_edmund
D:5:      minmay_temple_entry_glass
D:6:      marbit_many_paths, gup_sewer_entry_glass
D:7:      grunt_temple_overflow_open, lightli_minifort, uniq_joseph
D:8:      vehumet_statue, blue_anna_alchemist, uniq_grum
D:9:      serial_shops, shop, uniq_erolcha
D:10:     david_orc_4, roderic_batcave, nicolae_transmutations_shop
D:11:     david_lair_shrubbed, kennysheep_generic_room_4, uniq_josephine,
          uniq_maurice
D:12:     fedhas_altar_fruit_tree
D:13:     basic_altar, lightli_bailey_entry_fortress, serial_shops, shop,
          elves_outpost_lemuel
D:14:     minmay_distorted_concentric_squares, david_vaults_2, elyvilon_altar_5
D:15:     grunt_enter_depths_snipers
Lair:1:   uniq_sonja
Lair:2:   infiniplex_staircase_pool_2
Lair:3:   minmay_snake_entry_spellcaster, serial_bayou_crossing
Lair:4:   elwin_shoals_entry_rooms, minivault_25, ice2_lemuel,
          grunt_megastairs_5, lemuel_fruit_tree, uniq_harold, uniq_kirke
Lair:5:   lab_entry_generic, infiniplex_staircase_pool, uniq_rupert
Lair:6:   hangedman_lair_in_review, hangedman_lair_caniforms_friends,
          slime_dummy, nicolae_lair_yak_garden
Shoals:1: serial_shops, nicolae_shop_trees, nicolae_shoals_undead_eyrie
Shoals:3: serial_shops, shop, ldierk_geyser
Shoals:4: shoals_end_hangedman, shoal_ilsuiw, uniq_polyphemus
Snake:1:  basic_altar, minmay_shoptagon, uniq_aizul
Snake:2:  basic_altar, basic_stair_grate_trap
Snake:3:  uniq_roxanne
Snake:4:  minmay_snake_end_coiled, basic_altar, eino_curves_04
Orc:1:    basic_altar
Orc:2:    st_orc_ogre_mass, portal_ice_cave_entry_ice_beasts
Vaults:1: nicolae_vaults_twisting_passages, vaults_dpeg_encased_lava,
          ontoclasm_vaults_ring_large, vaults_dpeg_cross,
          vaults_room_grunt_arrival_ludios, vaults_mumra_minichess_inversion,
          v_misc_25, v_misc_15
Vaults:2: v_misc_33, nicolae_vaults_network_s, vaults_room_stairs_pillars,
          v_misc_9, v_misc_1, hangedman_vaults_variations, grunt_vaults_swirl,
          nicolae_vaults_ring_of_whatevers, ontoclasm_vaults_bender, st_cells,
          uniq_jory, uniq_boris
Vaults:3: blue_anna_dwarven_crypt, v_alt_pattern_4, v_misc_16,
          nicolae_vaults_network_quincunx, vaults_room_semicircle, v_pattern_4,
          vaults_room_semicircle, nicolae_vaults_network_barrier,
          nicolae_vaults_big_ls, vaults_room_corners, v_misc_19, v_misc_26,
          serial_shops, shop
Abyss:2:  small_statue_intersection, minivault_25
Abyss:3:  evilmike_abyss_exit_7, due_evilmike_abyss_rune_seething_liches
Abyss:4:  evilmike_abyss_exit_3, nicolae_abyss_rune_star_stuff
Sewer:    sewer_frog_island_01
Bailey:   bailey_axe_2, bailey
IceCv:    ice_cave_statue_garden_teleport

Skill      XL: |  1  2  3  4  5  6  7  8  9 10 11 12 13 14 15 16 17 18 19 20 21 |
---------------+----------------------------------------------------------------+-----
Armour         | 5 6 7 8 9 10 | 10.0
Shields        | 5 6 7 8 11 | 11.0
Fighting       | 5 6 7 8 9 10 11 | 11.0
Short Blades   | 4 5 6 7 8 10 | 10.0
Dodging        | 1 3 4 6 7 8 9 10 | 10.0
Invocations    | 8 9 |  9.0
Evocations     | 9 10 | 10.0
Stealth        | 5 8 10 | 10.0
Throwing       | 7 |  7.0
Spellcasting   | 8 9 10 11 | 11.1
Charms         | 1 8 10 | 10.0
Necromancy     | 1 8 10 | 10.0
Transmutations | 1 5 6 8 9 10 | 10.2
Earth Magic    | 1 4 7 9 10 11 | 11.2
Long Blades    | 2 |  2.1
Hexes          | 7 |  7.0
Summonings     | 7 8 |  8.0
Air Magic      | 7 8 |  8.0
Translocations | 4 |  4.1
Slings         | 9 |  9.0

Action                   |  1- 3 |  4- 6 |  7- 9 | 10-12 | 13-15 | 16-18 | 19-21 || total
-------------------------+-------+-------+-------+-------+-------+-------+-------++-------
Melee: Rapier            |   111 |   234 |   463 |   764 |       |   940 |  1667 ||  4179
       Bite              |     2 |    26 |    61 |   248 |   412 |   222 |   267 ||  1238
       Falchion          |       |       |    82 |       |       |       |       ||    82
       Dagger            |       |       |       |   792 |  2249 |   304 |       ||  3345
       Long sword        |       |       |       |       |    49 |       |       ||    49
       Scimitar          |       |       |       |       |       |   221 |       ||   221
 Fire: Fustibalus        |       |       |       |       |       |   142 |   207 ||   349
Throw: Tomahawk          |       |       |       |     1 |     1 |       |       ||     2
 Cast: Spectral Weapon   |       |       |       |       |    28 |    45 |    34 ||   107
       Excruciating Woun |       |       |       |       |    26 |    15 |     2 ||    43
       Regeneration      |       |       |       |       |    15 |    74 |    61 ||   150
       Summon Lightning  |       |       |       |       |     7 |    20 |    22 ||    49
       Blink             |       |       |       |       |     1 |       |       ||     1
       Dispel Undead     |       |       |       |       |     1 |       |       ||     1
       Confuse           |       |       |       |       |       |     7 |     4 ||    11
       Passwall          |       |       |       |       |       |     1 |       ||     1
       Summon Butterflie |       |       |       |       |       |       |     2 ||     2
Invok: Heroism           |       |       |     5 |    22 |    27 |    25 |    28 ||   107
       Finesse           |       |       |       |       |     3 |     4 |     7 ||    14
 Abil: Evoke Invisibilit |       |       |       |    12 |    17 |    12 |    15 ||    56
       Evoke Flight      |       |       |       |       |       |       |     9 ||     9
Evoke: Wand              |       |       |       |     9 |     4 |    12 |     6 ||    31
       Phial of floods   |       |       |       |       |     1 |     2 |     1 ||     4
  Use: Scroll            |       |     3 |     4 |    21 |    22 |    14 |    20 ||    84
       Potion            |       |       |       |     1 |     5 |     5 |     8 ||    19
 Stab: Distracted        |       |       |     1 |     2 |    14 |    15 |    11 ||    43
       Invisible         |       |       |       |    26 |    61 |    35 |    31 ||   153
       Sleeping          |       |       |       |    17 |    29 |    28 |    41 ||   115
       Paralysed         |       |       |       |     2 |       |     2 |       ||     4
       Petrified         |       |       |       |       |     3 |       |       ||     3
       Confused          |       |       |       |       |       |       |     5 ||     5
  Eat: Chunk             |       |     6 |    12 |    34 |    51 |    35 |    43 ||   181
       Royal jelly       |       |       |     1 |       |     2 |     5 |     1 ||     9
       Fruit             |       |       |       |       |    15 |     6 |       ||    21
       Meat ration       |       |       |       |       |     2 |     5 |     4 ||    11
Armor: Scale mail        |    33 |    62 |   130 |    44 |       |       |       ||   269
       Ring mail         |       |       |       |   169 |   501 |   231 |   246 ||  1147
Dodge: Dodged            |    40 |    75 |   189 |   482 |  1027 |   529 |   636 ||  2978
Block: Shield            |    49 |   119 |   253 |   971 |  1804 |  1204 |  1512 ||  5912
       Reflection        |       |       |       |    24 |    29 |   110 |    90 ||   253
       Rpst.: Falchion   |       |       |    15 |       |       |       |       ||    15
       Long sword        |       |       |       |       |    11 |       |       ||    11
       Scimitar          |       |       |       |       |       |    22 |       ||    22
